 Dungeon Crawl Stone Soup version 0.30.0-15-g856e2d3f33 (webtiles) character file.

Game seed: 16927779552219406084

0 monsoonserge the Chiller (level 1, -2/7 HPs)
             Began as a Felid Ice Elementalist on May 19, 2023.
             Killed from afar by a dart slug (5 damage)
             ... with a slug dart
             ... on level 1 of the Dungeon.
             The game lasted 00:00:23 (104 turns).

monsoonserge the Chiller (Felid Ice Elementalist)    Turns: 104, Time: 00:00:24

Health: -2/7       AC:  1    Str:  4    XL:     1   Next: 8%
Magic:  3/4        EV: 14    Int: 16    God:
Gold:   21         SH:  0    Dex: 16    Spells: 3/4 levels left
                                        Lives:  0   Deaths: 0

rFire   . . .        (weapon unavailable)
rCold   . . .        (shield unavailable)
rNeg    . . .        (body armour unavailable)
rPois   .            (helmet unavailable)
rElec   .            (cloak unavailable)
rCorr   .            (gloves unavailable)
SInv    +            (boots unavailable)
Will    .....        (no amulet)
Stlth   ++           (no ring)
HPRegen 0.21/turn    (no ring)
MPRegen 0.09/turn

%: no passive effects
@: constricted, quick
A: very small, claws 1, fangs 3, see invisible, speed 1, shaggy fur 1, stealthy
paws, no weapons or thrown items, no armour, multi-lived
a: no special abilities


You were on level 1 of the Dungeon.
You visited 1 branch of the dungeon, and saw 1 of its levels.

You collected 21 gold pieces.

Inventory:

Jewellery
 c - a ring of magical power
Scrolls
 b - a scroll of blinking {unknown}
Potions
 a - a potion of magic


   Skills:
 + Level 2.6 Dodging
 + Level 2.6 Stealth
 - Level 2.0 Spellcasting
 + Level 3.6 Ice Magic


You had 3 spell levels left.
You knew the following spells:

 Your Spells              Type           Power      Damage    Failure   Level
a - Freeze                Ice            52%        1d6       4%          1

Your spell library contained the following spells:

 Spells                   Type           Power      Damage    Failure   Level
 Frozen Ramparts          Ice            26%        1d4       14%         3
 Ozocubu's Armour         Ice            13%        N/A       14%         3
 Summon Ice Beast         Ice/Summ       7%         N/A       69%         4


Dungeon Overview and Level Annotations

Branches:
Dungeon (1/15)

Altars:


Innate Abilities, Weirdness & Mutations

You have sharp claws.
You have razor-sharp teeth.
You have supernaturally acute eyesight. (SInv)
You cover ground quickly. (Speed+)
You are covered in fur. (AC +1)
Your paws help you pounce on unaware monsters.
You are incapable of wielding weapons or throwing items.
You cannot wear armour.
You gain extra lives every three experience levels.


Message History

There are no items here.
You see here a +0 robe.
You see here a +0 hand axe.
b - a scroll labelled SEZXUC OLIFEC You now have 21 gold pieces (gained 11).
There are no items here.
A rat comes into view.
A ball python comes into view.
Found a shiny moonstone ring.
The ball python hisses angrily.
A frilled lizard comes into view.
You see here a ring of magical power.
c - a ring of magical power A dart slug comes into view.
You barely miss the rat. Your bite misses the rat. The rat bites you.
You barely miss the rat. You bite the rat.
You kill the rat!
The dart slug launches a dart at you. The slug dart misses you.
The ball python closely misses you. The ball python barely misses you.
You barely miss the ball python.
You bite the ball python, but do no damage.
The ball python bites you but does no damage.
The ball python grabs you. The ball python constricts you.
Casting: Freeze (safe; 4% risk of failure)
Confirm with . or Enter, or press ? or * to list all spells.
Aiming: Freeze (safe; 4% risk of failure)
Press: ? - help, Shift-Dir - straight line, f - ball python
Aim: a ball python (constricting you)
You freeze the ball python.
The ball python is moderately wounded.
The ball python misses you. The ball python constricts you.
You closely miss the ball python.
The ball python is moderately wounded.
The ball python bites you but does no damage.
The ball python constricts you. The dart slug launches a dart at you.
The slug dart hits you.
Ouch! That really hurt!
You die...

.........##
#.######
#........## #.#
#.........# #.#
###........# #.#
....#.....# #.#
..........######.#
.....#...#.......#
l... #S##.########
.. #@##.# #.##..
....### .....
#####w# #### #..
.... .## #### #


You could see a dart slug and a ball python.

Vanquished Creatures
  A rat (D:1)
1 creature vanquished.

Notes
Turn   | Place    | Note
-------+----------+-------------------------------------------
     0 | D:1      | monsoonserge the Felid Ice Elementalist began the quest for
                  | the Orb.
     0 | D:1      | Reached XP level 1. HP: 7/7 MP: 4/4
   104 | D:1      | Killed from afar by a dart slug

Illustrated notes

Levels and vault maps discovered:
D:1:      scummos_arrival_simple_fountains, layout_loops_ring

Action                     || total
---------------------------++-------
  Melee: Unarmed           ||     4
         Bite              ||     2
   Cast: Freeze            ||     1
 Armour: Skin              ||     2
  Dodge: Dodged            ||     4
